 Dungeon Crawl Stone Soup version 0.31.0-9-g3a7656b989 (webtiles) character file.

Game seed: 3192386777578771978

463 qw the Skirmisher (level 6, 0/35 HPs)
             Began as a Deep Elf Hunter on Feb 2, 2024.
             Slain by an ogre
             ... wielding a +0 giant club
              (23 damage)
             ... on level 5 of the Dungeon.
             The game lasted 00:00:11 (3753 turns).

qw the Skirmisher (Deep Elf Hunter)                 Turns: 3753, Time: 00:00:11

Health: 0/35       AC:  5    Str: 10    XL:     6   Next: 79%
Magic:  8/8        EV: 12    Int: 14    God:
Gold:   246        SH:  0    Dex: 24    Spells: 5/5 levels left

rFire   . . .        a - +0 shortbow
rCold   . . .        (shield currently unavailable)
rNeg    . . .        k - +0 ring mail
rPois   .            (no helmet)
rElec   .            (no cloak)
rCorr   .            (no gloves)
SInv    .            (no boots)
Will    .....        (no amulet)
Stlth   ++           c - +6 ring of dexterity
HPRegen 0.25/turn    (no ring)
MPRegen 0.11/turn

%: no passive effects
@: no status effects
A: no striking features
a: no special abilities


You were on level 5 of the Dungeon.
You visited 1 branch of the dungeon, and saw 5 of its levels.

You collected 246 gold pieces.


   Skills:
 - Level 2.0 Fighting
 - Level 10.2 Ranged Weapons
 + Level 3.2 Dodging
 - Level 1.2 Stealth


You had 5 spell levels left.
You didn't know any spells.
Your spell library was empty.

Inventory:

Hand Weapons
 a - a +0 shortbow (weapon)
Armour
 k - a +0 ring mail (worn)
Jewellery
 c - a +6 ring of dexterity (left hand)
 h - a ring of ice
Scrolls
 f - 6 scrolls of identify
Potions
 b - 2 potions of cancellation
 d - a potion of lignification {unknown}
 e - 2 potions of mutation
 g - a potion of magic {unknown}
 i - 2 potions of curing

Dungeon Overview and Level Annotations

Branches:
Dungeon (5/15)
 Temple: D:4-7

Altars:
Yredelemnul
Zin
The Shining One


Message History

You now have 246 gold pieces (gained 13).
You open the door.
There is an open door here.
You open the door. 2 jackals come into view.
You shoot an arrow.
The arrow hits the jackal but does no damage.
The jackal barks!
You shoot an arrow. The jackal barks!
The arrow hits the jackal.
You kill the jackal!
You shoot an arrow. The arrow closely misses the jackal.
You shoot an arrow. The arrow hits the jackal!
You kill the jackal!
There is an open door here.
You see here a jackal corpse.
Found a robe.
Enter note:
Enter note:
Enter note:
Found an escape hatch in the ceiling.
Enter note:
h - a ring of ice You open the door.
An ogre comes into view. It is wielding a +0 giant club.
You shoot an arrow. The arrow hits the ogre!
The ogre shouts!
The ogre is moderately wounded.
You shoot an arrow. The arrow completely misses the ogre.
You shoot an arrow. The arrow hits the ogre!
The ogre is severely wounded.
The ogre hits you with a +0 giant club!
You shoot an arrow. The arrow hits the ogre.
The ogre is severely wounded.
You shoot an arrow. The arrow hits the ogre.
The ogre is almost dead.
The ogre hits you with a +0 giant club!!
Ouch! That really hurt!
You die...

...###.#####.#######
....#...####.......#
....<......%...###..
....#....####.##
....##.#.##...#
######.#>#..### ###
...........##
#+#..## ########.#.#
+.O...# ### #...#.##
##@## . ..##
###.#..###.#.###..
#..#
#.##.....#.....#
##.##
#.###...###.####
#..# #.# ##......#
#..# #.# #...#..#
#..# #.######....#
#..# #....#####..#
##..# #.......>#


You could see an ogre.

Vanquished Creatures
  A centaur (D:5)
  A scorpion (D:5)
  3 hounds
  A bombardier beetle (D:4)
  A gnoll bouda (D:4)
  An orc wizard (D:3)
  4 gnolls
  5 adders
  A ribbon worm (D:2)
  3 dart slugs
  6 orcs
  7 endoplasms
  2 giant cockroaches
  4 goblins
  4 hobgoblins
  4 jackals
  4 quokkas
  3 ball pythons
  A bat (D:1)
  4 frilled lizards
  3 kobolds
  7 rats
70 creatures vanquished.

Notes
Turn   | Place    | Note
-------+----------+-------------------------------------------
     0 | D:1      | qw the Deep Elf Hunter began the quest for the Orb.
     0 | D:1      | Reached XP level 1. HP: 12/12 MP: 3/3
     0 | D:1      | 0 ||| qw: Version: 0.3-a-155-g5e7d8dd
     0 | D:1      | 0 ||| qw: Game counter: 2447
     0 | D:1      | 0 ||| qw: Melee chars always use a shield: true
     0 | D:1      | 0 ||| qw: God list: Okawaru
     0 | D:1      | 0 ||| qw: Allow faded altars: false
     0 | D:1      | 0 ||| qw: Do Orc after clearing Dungeon:15 true
     0 | D:1      | 0 ||| qw: Do second Lair branch before Depths: true
     0 | D:1      | 0 ||| qw: Lair rune preference: random
     0 | D:1      | 0 ||| qw: Goals: Normal
     0 | D:1      | 0 ||| PLANNING D:1-11
   463 | D:1      | Reached XP level 2. HP: 15/16 MP: 4/4
   547 | D:1      | Reached skill level 6 in Ranged Weapons
   581 | D:1      | HP: 3/16 [gnoll/+0 spear (8)]
   936 | D:1      | 936 ||| READING 2 scrolls labelled RUENA YCUTHANN.
   937 | D:1      | 937 ||| READING 7 scrolls labelled WEECSUARGHE.
   937 | D:1      | 937 ||| IDENTIFYING metallic orange potion
   938 | D:1      | 938 ||| READING 6 scrolls of identify.
   938 | D:1      | 938 ||| IDENTIFYING 2 viscous orange potions
   939 | D:1      | 939 ||| READING 5 scrolls of identify.
   939 | D:1      | 939 ||| IDENTIFYING scroll labelled OWOAC JYRROERI
   940 | D:1      | 940 ||| DROPPING scroll of butterflies.
   941 | D:1      | 941 ||| DROPPING scroll of blinking.
   942 | D:1      | 942 ||| DROPPING scroll of amnesia.
   989 | D:2      | Reached XP level 3. HP: 20/20 MP: 5/5
  1201 | D:2      | Reached skill level 7 in Ranged Weapons
  1595 | D:2      | 1595 ||| READING 7 scrolls of identify.
  1595 | D:2      | 1595 ||| IDENTIFYING fizzy golden potion
  1596 | D:2      | 1596 ||| READING 6 scrolls of identify.
  1596 | D:2      | 1596 ||| IDENTIFYING cyan potion
  1597 | D:2      | 1597 ||| READING 5 scrolls of identify.
  1597 | D:2      | 1597 ||| IDENTIFYING scroll labelled VOMIXKEFF UGEY
  1598 | D:2      | 1598 ||| READING 4 scrolls of identify.
  1598 | D:2      | 1598 ||| IDENTIFYING scroll labelled BOR VAWNAHIQ
  1599 | D:2      | 1599 ||| DROPPING scroll of poison.
  1885 | D:3      | Reached XP level 4. HP: 25/25 MP: 6/6
  2152 | D:3      | 2152 ||| FLEEEEING.
  2155 | D:3      | 2155 ||| FLEEEEING.
  2156 | D:3      | 2156 ||| FLEEEEING.
  2167 | D:3      | HP: 5/25 [something (4)]
  2274 | D:3      | Reached skill level 8 in Ranged Weapons
  2449 | D:3      | 2449 ||| UPGRADING to +0 ring mail.
  2459 | D:3      | 2459 ||| DROPPING +0 leather armour.
  2460 | D:3      | 2460 ||| DROPPING ring of flight.
  2461 | D:3      | 2461 ||| READING 5 scrolls of identify.
  2461 | D:3      | 2461 ||| IDENTIFYING bubbling black potion
  2462 | D:3      | 2462 ||| DROPPING potion of attraction.
  2573 | D:4      | 2573 ||| RETREEEEATING.
  2575 | D:4      | Reached XP level 5. HP: 29/29 MP: 7/7
  2598 | D:4      | Reached skill level 9 in Ranged Weapons
  2711 | D:4      | Found a glowing silver altar of Zin.
  2733 | D:4      | HP: 7/30 [gnoll/+0 flail[a gnoll bouda] (2)]
  2734 | D:4      | 2734 ||| READING scroll of teleportation.
  2735 | D:4      | 2735 ||| DRINKING potion of heal wounds.
  2829 | D:4      | Reached XP level 6. HP: 22/35 MP: 8/8
  2920 | D:4      | Found a glowing golden altar of the Shining One.
  3267 | D:4      | 3267 ||| UPGRADING to +6 ring of dexterity.
  3283 | D:5      | Entered Level 5 of the Dungeon
  3349 | D:5      | Reached skill level 3 in Dodging
  3518 | D:5      | HP: 7/35 [centaur/arrow (12)]
  3519 | D:5      | 3519 ||| READING scroll of teleportation.
  3520 | D:5      | 3520 ||| DRINKING potion of heal wounds.
  3522 | D:5      | Reached skill level 10 in Ranged Weapons
  3610 | D:5      | Found a basalt altar of Yredelemnul.
  3753 | D:5      | Slain by an ogre

Levels and vault maps discovered:
D:1:      wheals_arrival_shading, layout_basic, serial_bayou_pond_e
D:2:      layout_loops_ring
D:3:      layout_loops_ring, columned_hall_lemuel
D:4:      layout_basic, tso_metal_star, zin_statuary, kennysheep_doodads
D:5:      layout_loops_ring, mainiacjoe_overflow_six_doors_small,
          nicolae_hepliaklqana_hippocampus, nemelex_dance_club_becter,
          nicolae_ru_the_path_less_chosen

Skill      XL: |  1  2  3  4  5  6 |
---------------+-------------------+-----
Ranged Weapons | 6 7 8 9 10 | 10.2
Fighting       | 2 |  2.0
Dodging        | 3 |  3.2
Stealth        | |  1.2

Action                     |  1- 3 |  4- 6 || total
---------------------------+-------+-------++-------
   Fire: Shortbow          |   107 |   145 ||   252
    Use: Scroll            |     8 |     3 ||    11
         Potion            |       |     2 ||     2
 Armour: Leather armour    |    17 |    15 ||    32
         Ring mail         |       |    36 ||    36
  Dodge: Dodged            |    19 |    37 ||    56

Table legend:
 A = Non-vault XP
 B = Vault XP
 C = Vault XP percentage of total XP
 D = Non-vault monster count
 E = Vault monster count
 F = Vault count percentage of total count
                 A         B        C        D         E       F
            +---------+---------+-------+---------+---------+-------
      Total |     662 |       0 |   0.0 |      70 |       0 |   0.0
            +---------+---------+-------+---------+---------+-------
        D:1 |      38 |       0 |   0.0 |      16 |       0 |   0.0
        D:2 |      33 |       0 |   0.0 |      11 |       0 |   0.0
        D:3 |      85 |       0 |   0.0 |      22 |       0 |   0.0
        D:4 |     242 |       0 |   0.0 |      12 |       0 |   0.0
        D:5 |     264 |       0 |   0.0 |       9 |       0 |   0.0
            +---------+---------+-------+---------+---------+-------
